 Dungeon Crawl Stone Soup version 0.21-a0-278-ga722497 (webtiles) character file.

66 Raykoid666 the Skirmisher (level 3, -2/30 HPs)
             Began as a Demonspawn Wanderer on Sept 22, 2017.
             Slain by a gnoll
             ... wielding a +0 spear
              (6 damage)
             ... on level 2 of the Dungeon.
             The game lasted 00:03:03 (1148 turns).

Raykoid666 the Skirmisher (Demonspawn Wanderer)     Turns: 1148, Time: 00:03:03

Health: -2/30      AC:  5    Str: 10    XL:     3   Next: 96%
Magic:  3/3        EV: 12    Int: 13    God:
Gold:   61         SH:  0    Dex: 15    Spells: 2/2 levels left

rFire    . . .     SeeInvis +   a - +2 quarterstaff
rCold    . . .     Gourm    .   (shield currently unavailable)
rNeg     . . .     Faith    .   c - +0 ring mail
rPois    .         Spirit   .   (no helmet)
rElec    .         Reflect  .   (no cloak)
rCorr    .         Harm     .   (no gloves)
MR       .....                  (no boots)
Stlth    +.........             (no amulet)
HPRegen  0.10/turn              j - ring of see invisible
MPRegen  0.08/turn              (no ring)

@: no status effects
A: hooves 1, repulsion field 1
a: no special abilities


You were on level 2 of the Dungeon.
You were hungry.

You visited 1 branch of the dungeon, and saw 2 of its levels.

You collected 61 gold pieces.

Inventory:

Hand Weapons
 a - a +2 quarterstaff (weapon)
 b - a +0 hand axe
Armour
 c - a +0 ring mail (worn)
Jewellery
 j - a ring of see invisible (left hand)
Wands
 k - a wand of flame (32/48)
Scrolls
 e - 6 scrolls of identify {unknown}
 f - 2 scrolls of teleportation {unknown}
 h - a scroll of fear {unknown}
Potions
 i - a potion of brilliance {unknown}
 l - a potion of berserk rage {unknown}
 m - a potion of degeneration {unknown}
Comestibles
 d - 2 bread rations
 g - a royal jelly


   Skills:
 - Level 4.0 Fighting
 * Level 3.4 Staves
   Level 1.0 Crossbows
 - Level 1.0 Armour
 + Level 1.5 Dodging
 - Level 1.0 Stealth
   Level 1.0 Shields


You had 2 spell levels left.
You didn't know any spells.

Dungeon Overview and Level Annotations

Branches:
Dungeon (2/15)

Altars:
The Shining One


Innate Abilities, Weirdness & Mutations

You have large cloven feet.
You are surrounded by a mild repulsion field. (EV +2)


Message History

You closely miss the gnoll. Your kick misses the gnoll.
The gnoll is heavily wounded.
The gnoll closely misses you. The gnoll hits you but does no damage.
The gnoll barely misses you.
You closely miss the gnoll. You kick the gnoll, but do no damage.
The gnoll is heavily wounded.
The gnoll hits you from afar with a spear.
The gnoll hits you but does no damage. The gnoll closely misses you.
You hit the gnoll but do no damage.
The gnoll is heavily wounded.
The gnoll hits you from afar with a spear!
* * * LOW HITPOINT WARNING * * *
The gnoll closely misses you. The gnoll hits you with a halberd.
* * * LOW HITPOINT WARNING * * *
You sock the gnoll!
You kill the gnoll!
The gnoll hits you from afar with a spear.
* * * LOW HITPOINT WARNING * * *
The gnoll hits you from afar with a spear.
You die...

## .## ..## ### ...## ###
.... ....###### .. ###....
..#†.....### #.#.......
.#######.'.# .........
..#......#.#######.......#
....######......@)g......+
...########.######g..$...#
..## #.......# ...######
.## #.####..# g...# ##
#.####..# .....#
######....#..##.[...#
.).....##.#####..!..+
..####.##.# ......# ..#
#.....##+#+#+##


You could see 2 gnolls.

Vanquished Creatures
  A gnoll (D:2)
  2 adders (D:2)
  An ooze (D:1)
  A dart slug (D:1)
  A leopard gecko (D:1)
  3 bats
  2 giant cockroaches (D:1)
  4 goblins
  5 hobgoblins
  2 jackals (D:1)
  4 kobolds (D:1)
  4 frilled lizards
  2 rats (D:1)
32 creatures vanquished.

Notes
Turn   | Place    | Note
-------+----------+-------------------------------------------
     0 | D:1      | Raykoid666 the Demonspawn Wanderer began the quest for the Orb.
     0 | D:1      | Raykoid666 set off with: a +2 quarterstaff, a +0 hand axe, a +0 ring mail, a bread ration
     0 | D:1      | Reached XP level 1. HP: 19/19 MP: 1/1
   181 | D:1      | Gained mutation: You have large cloven feet. [demonic ancestry]
   181 | D:1      | Reached XP level 2. HP: 23/25 MP: 2/2
   245 | D:1      | Reached skill level 1 in Dodging
   597 | D:1      | Gained mutation: You are surrounded by a mild repulsion field. (EV +2) [demonic ancestry]
   597 | D:1      | Reached XP level 3. HP: 28/30 MP: 3/3
  1102 | D:2      | Found a glowing golden altar of the Shining One.
  1148 | D:2      | Slain by a gnoll

Vault maps used:
D:1:      dpeg_arrival_signposts
D:2:      nicolae_tso_swordbearing_angel

Skill      XL: |  1  2  3 |
---------------+----------+-----
Staves         | 2 3 |  3.4
Dodging        | 1 |  1.5
Fighting       | |  4.0
Crossbows      | |  1.0
Armour         | |  1.0
Stealth        | |  1.0
Shields        | |  1.0

Action                   || total
-------------------------++-------
Melee: Quarterstaff      ||    66
       Kick              ||     9
Armor: Ring mail         ||    29
Dodge: Dodged            ||    63

Table legend:
 A = Spawn XP
 B = Non-spawn XP
 C = Spawn XP percentage of total XP
 D = Spawn monster count
 E = Non-spawn monster count
 F = Spawn count percentage of total count
 G = Total turns spent on level
                    A         B        C        D         E        F      G
               +---------+---------+-------+---------+---------+-------+---------
         Total |       0 |      95 |   0.0 |       0 |      32 |   0.0 |  1148
               +---------+---------+-------+---------+---------+-------+---------
           D:1 |       0 |      45 |   0.0 |       0 |      22 |   0.0 |   684
           D:2 |       0 |      50 |   0.0 |       0 |      10 |   0.0 |   464
               +---------+---------+-------+---------+---------+-------+---------
